cohdb
Replays
Latest Replays
All Replays
Popular Replays
Top Player Replays
Match Explorer
How It Works
Community
CoH3 Stats
Reddit
Sign in to upload your games and track your stats! →
Sign in with Steam
Match 42061562
Unlisted
Match 42061562
Overview
Messages
Build Orders
End
Panzergrenadier Squad
Kradschützen Motorcycle Team
Panzergrenadier Squad
Construct Light Support Kompanie
Fire Support Elements
Flakvierling Half-track
Selects Panzerjäger Kommand Battlegroup
Selects Tank Busters
Selects Mine Fields
MG34 Team
Panzerjäger Mechanized Group
Combat Half-tracks
Pak 38 Anti-tank Gun Team
Construct Panzerarmee Kommand
Panzer III L Medium Tank
Selects Defensive Positions
Selects Butterfly Bomb Drop
Butterfly Bomb Drop
Panzergrenadier Squad
Panzer III L Medium Tank
[82AD] PaulVmax
la
Blanco
MoriMusic
Klaudio75
LaoY、doushigou
NoX
hong_0002
0
0
Comments
sign in to comment!
No comments posted yet!